 Dungeon Crawl Stone Soup version 0.30-a0-883-g5ad918d77d (webtiles) character file.

Game seed: 1894822775638300808

186 Newt the Trooper (level 5, -2/42 HPs)
             Began as a Demonspawn Gladiator on Mar 16, 2023.
             Was an Initiate of Gozag.
             Slain by a kobold brigand
             ... wielding a +0 club
              (3 damage)
             ... on level 3 of the Dungeon.
             The game lasted 00:02:34 (2071 turns).

Newt the Trooper (Demonspawn Gladiator)             Turns: 2071, Time: 00:02:35

Health: -2/42      AC:  5    Str: 23    XL:     5   Next: 38%
Magic:  5/5        EV: 12    Int:  9    God:    Gozag
Gold:   79         SH:  4    Dex: 14    Spells: 4/4 levels left

rFire   . . .      SeeInvis .    l - +2 hand axe (heavy)
rCold   . . .      Faith    .    (no shield)
rNeg    . . .      Spirit   .    b - +0 leather armour
rPois   .          Reflect  .    (helmet restricted)
rElec   .          Rampage  .    r - +1 cloak
rCorr   .                        (no gloves)
Will    .....                    (no boots)
Stlth   ++                       (no amulet)
HPRegen 0.27/turn                j - +6 ring of strength
MPRegen 0.09/turn                (no ring)

@: gold aura, slowed, very slow
A: antennae 2, condensation shield
a: Renounce Religion, Potion Petition, Call Merchant, Bribe Branch


You were on level 3 of the Dungeon.
You worshipped Gozag.
Gozag was noncommittal.
You visited 1 branch of the dungeon, and saw 3 of its levels.

You collected 125 gold pieces.
You paid 46 gold pieces to Gozag.

Inventory:

Hand Weapons
 a - a +0 rapier
 l - a +2 heavy hand axe (weapon)
Missiles
 d - 2 throwing nets (quivered)
 e - a javelin
Armour
 b - a +0 leather armour (worn)
 c - a +0 helmet
 r - a +1 cloak (worn)
Jewellery
 j - a +6 ring of strength (left hand)
Scrolls
 p - a scroll of fear {unknown}
Potions
 f - a potion of berserk rage
 g - a potion of degeneration {unknown}
 h - a potion of lignification {unknown}
 i - 2 potions of magic
 k - 2 potions of mutation {unknown}
 m - a potion of attraction {unknown}
 n - 2 potions of curing
 o - a potion of flight {unknown}
 q - a potion of ambrosia {unknown}


   Skills:
 - Level 4.0 Fighting
 - Level 2.6 Short Blades
 + Level 3.0 Axes
 - Level 1.7 Throwing
 - Level 2.6 Dodging
 - Level 1.5 Stealth


You had 4 spell levels left.
You didn't know any spells.
Your spell library contained the following spells:

 Spells                   Type           Power      Damage    Failure   Level
 Apportation              Tloc           0%         N/A       43%         1
 Necrotise                Necr           0%         1d4       43%         1
 Summon Small Mammal      Summ           0%         N/A       43%         1
 Cigotuvi's Dreadful Rot  Necr/Pois/Air  0%         N/A       56%         2
 Poisonous Vapours        Pois/Air       0%         N/A       56%         2
 Mephitic Cloud           Conj/Pois/Air  0%         N/A       80%         3
 Manifold Assault         Tloc           0%         N/A       99%         4
 Dispersal                Tloc           0%         N/A       100%        6
 Disjunction              Tloc           0%         N/A       100%        8


Dungeon Overview and Level Annotations

Branches:
Dungeon (3/15)

Altars:
Gozag


Innate Abilities, Weirdness & Mutations

You have a pair of antennae on your head.
A meltable shield of frost defends you. (SH +4)


Message History

The curare-tipped dart hits you.
You are poisoned.
You have difficulty breathing.
You feel yourself slow down.
The kobold brigand throws a poisoned dart.
The poisoned dart barely misses you.
A kobold comes into view. It is wielding a +0 dagger.
You feel very sick.
The kobold brigand throws a poisoned dart.
The poisoned dart barely misses you.
You feel very sick.
Unknown command.
You are too injured to fight recklessly!
You are too injured to fight recklessly!
Unknown command.
You barely miss the kobold brigand.
The kobold shouts!
You slash the kobold brigand!
You feel very sick.
The kobold brigand barely misses you. x2
You block the kobold brigand's attack. x2
The kobold brigand hits you with a +0 club!
* * * LOW HITPOINT WARNING * * *
The kobold brigand closely misses you.
It was a potion of curing.
You feel better. The kobold brigand closely misses you.
Unknown command.
You barely miss the kobold brigand.
The kobold brigand is heavily wounded.
You barely miss the kobold brigand. The kobold brigand closely misses you.
The kobold brigand barely misses you.
The kobold brigand hits you with a +0 club!
* * * LOW HITPOINT WARNING * * *
The kobold brigand barely misses you. The kobold barely misses you.
The kobold brigand hits you with a +0 club!
* * * LOW HITPOINT WARNING * * *
The kobold hits you with a +0 dagger.
* * * LOW HITPOINT WARNING * * *
The kobold brigand hits you with a +0 club.
You die...
Your body crumbles into a pile of gold.

.............
#.......>...
#...........
#..$....... ###
##.$.$...... ## #.#
#..#$$#..... ^.#
##.# ##..#..# ...
#.# ##..# #..##..# #
##.# #...###..#K@##
.#.###.#......#KK#
..........._..#..#
.<............#..#~
..#...###.....#..##~
......# ##....##..
~~
....><###...####..
~#
...#.........####. #
...............~#


You could see 2 kobold brigands and a kobold.

Vanquished Creatures
  A hound (D:2)
  Crazy Yiuf (D:2)
  Jessica (D:2)
  A gnoll (D:2)
  2 adders (D:2)
  2 dart slugs
  An orc (D:3)
  6 ball pythons
  4 endoplasms
  3 giant cockroaches
  2 goblins
  7 hobgoblins
  3 jackals (D:1)
  3 quokkas
  3 bats
  17 frilled lizards
  11 kobolds
  7 rats
75 creatures vanquished.

Vanquished Creatures (others)
  5 plants (D:1)
5 creatures vanquished.

Grand Total: 80 creatures vanquished

Notes
Turn   | Place    | Note
-------+----------+-------------------------------------------
     0 | D:1      | Newt the Demonspawn Gladiator began the quest for the Orb.
     0 | D:1      | Reached XP level 1. HP: 16/16 MP: 1/1
    67 | D:1      | Reached skill level 1 in Stealth
   154 | D:1      | Gained mutation: A meltable shield of frost defends you.
                  | (SH +4) [demonic ancestry]
   154 | D:1      | Reached XP level 2. HP: 15/22 MP: 2/2
   534 | D:1      | Reached skill level 3 in Fighting
   538 | D:1      | Reached XP level 3. HP: 21/29 MP: 3/3
  1213 | D:2      | Noticed Jessica
  1218 | D:2      | Killed Jessica
  1219 | D:2      | Reached skill level 4 in Fighting
  1219 | D:2      | Gained mutation: You have a pair of small antennae on your
                  | head. [demonic ancestry]
  1219 | D:2      | Reached XP level 4. HP: 37/37 MP: 4/4
  1313 | D:2      | Reached skill level 1 in Axes
  1602 | D:2      | Found a runed translucent door.
  1603 | D:2      | Noticed Crazy Yiuf
  1858 | D:2      | Killed Crazy Yiuf
  1859 | D:2      | Gained mutation: You have a pair of antennae on your head.
                  | [demonic ancestry]
  1859 | D:2      | Reached XP level 5. HP: 42/42 MP: 5/5
  1944 | D:3      | Found an opulent altar of Gozag.
  1958 | D:3      | Became a worshipper of Gozag Ym Sagoz the Greedy
  2071 | D:3      | HP: 2/42 [kobold brigand/+0 club (7)]
  2071 | D:3      | Slain by a kobold brigand

Illustrated notes

Levels and vault maps discovered:
D:1:      dpeg_arrival_rhombus, layout_loops_ring, minmay_lizard_king
D:2:      minmay_general_purpose_star, layout_loops_cross, minmay_3d_cube,
          uniq_jessica, uniq_crazy_yiuf_cottage
D:3:      cheibrodos_thug_alley, layout_rooms, nicolae_gozag_seed_capital,
          mainiacjoe_overflow_small_starburst, uniq_ijyb

Skill      XL: |  1  2  3  4  5 |
---------------+----------------+-----
Stealth        | 1 |  1.5
Fighting       | 3 4 |  4.0
Axes           | 2 3 |  3.0
Short Blades   | |  2.6
Throwing       | |  1.7
Dodging        | |  2.6

Action                     |  1- 3 |  4- 6 || total
---------------------------+-------+-------++-------
  Melee: Rapier            |   108 |       ||   108
         Punch             |     1 |       ||     1
         Hand axe          |     2 |    60 ||    62
  Throw: Throwing net      |       |     1 ||     1
    Use: Scroll            |     2 |     1 ||     3
         Potion            |     1 |     1 ||     2
   Stab: Sleeping          |     2 |     3 ||     5
         Held in net/web   |       |     1 ||     1
 Armour: Leather armour    |    37 |    12 ||    49
  Dodge: Dodged            |    50 |    47 ||    97
  Block: Other             |    28 |    13 ||    41

Table legend: (Time is in decaauts)
 A = Elapsed time spent in this place.
 B = Non-inter-level travel time spent in this place.
 C = Inter-level travel time spent in this place.
 D = Time resting spent in this place.
 E = Time spent auto-exploring this place.
 F = Levels seen in this place.
 G = Mean time per level.
                   A        B        C        D        E       F      G
               +--------+--------+--------+--------+--------+-----+--------+
         Total |   2127 |   2068 |     59 |      0 |   1596 |   3 |  709.0 |
       Dungeon |   2127 |   2068 |     59 |      0 |   1596 |   3 |  709.0 |
               +--------+--------+--------+--------+--------+-----+--------+

Top non-repeatable levels by time:
     D:2: 1026 daAuts
     D:1: 898 daAuts
     D:3: 202 daAuts
